TOP OF THE 1ST |
Lehigh Valley IronPigs batting - Pitching for Sacramento River Cats : RHP Roberto Duron
|
Pitching: RHP Roberto Duron
|
|
Batting: RHB Mitch Boyd
|
0-0: Fly out, F9 (Flyball, 9LM, EV 77.5 MPH)
|
Batting: LHB Darrell Ortega
|
0-0: Called Strike 0-1: Ground out 4-3 (Groundball, 4, EV 106.2 MPH)
|
Batting: SHB Lance Franklin
|
0-0: Ball 1-0: Called Strike 1-1: Ball 2-1: Called Strike 2-2: Foul Ball, location: 2F 2-2: Ball 3-2: Foul Ball, location: 2F 3-2: Foul Ball, location: 2F 3-2: Base on Balls
|
Batting: RHB Josh Hensley
|
0-0: Ball 1-0: Ball 2-0: Ground out 1-3 (Groundball, P, EV 65.6 MPH)
|
Top of the 1st over - 0 runs, 0 hits, 0 errors, 1 left on base; Lehigh Valley 0 - Sacramento 0 |
BOTTOM OF THE 1ST |
Sacramento River Cats batting - Pitching for Lehigh Valley IronPigs : RHP Ken Tetzlaff
|
Pitching: RHP Ken Tetzlaff
|
|
Batting: LHB Cesar Arteaga
|
0-0: Called Strike 0-1: Swinging Strike 0-2: Strikes out swinging
|
Batting: LHB Kevin Kantor
|
0-0: Fly out, F8 (Line Drive, 8LD, EV 86.2 MPH)
|
Batting: LHB Carey Horncole
|
0-0: Swinging Strike 0-1: Ball 1-1: SINGLE (Line Drive, 9S, EV 92.5 MPH)
|
Batting: LHB Tom Best
|
0-0: Called Strike 0-1: Ball 1-1: Foul Ball, location: 2F 1-2: Foul Ball, location: 2F 1-2: 2-RUN HOME RUN (Flyball, 7D, EV 103.1 MPH), Distance : 387 ft
|
Batting: LHB David Ramirez
|
0-0: Swinging Strike 0-1: Fly out, F8 (Flyball, 78M, EV 90.0 MPH)
|
Bottom of the 1st over - 2 runs, 2 hits, 0 errors, 0 left on base; Lehigh Valley 0 - Sacramento 2 |
TOP OF THE 2ND |
Lehigh Valley IronPigs batting - Pitching for Sacramento River Cats : RHP Roberto Duron
|
Batting: LHB Michael Tuttle
|
0-0: Called Strike 0-1: Ball 1-1: Called Strike 1-2: Ground out 5-3 (Groundball, 56S, EV 90.0 MPH)
|
Batting: LHB Danny Hill
|
0-0: Called Strike 0-1: Ball 1-1: Called Strike 1-2: Strikes out swinging
|
Batting: RHB Moritake Fukumoto
|
0-0: Ball 1-0: Ball 2-0: Ball 3-0: Called Strike 3-1: SINGLE (Line Drive, 8LS, EV 103.8 MPH)
|
Batting: LHB Tyler Allen
|
0-0: SINGLE (Groundball, 6MD, EV 94.4 MPH) Moritake Fukumoto to second Runner from 2nd tries for 3rd, OUT! 8-5
|
Top of the 2nd over - 0 runs, 2 hits, 0 errors, 1 left on base; Lehigh Valley 0 - Sacramento 2 |
BOTTOM OF THE 2ND |
Sacramento River Cats batting - Pitching for Lehigh Valley IronPigs : RHP Ken Tetzlaff
|
Batting: LHB Terry Ebersole
|
0-0: Ball 1-0: Swinging Strike 1-1: Ball 2-1: Foul Ball, location: 2F 2-2: Ball 3-2: Strikes out swinging
|
Batting: RHB Hugo Zacarias
|
0-0: Called Strike 0-1: Ball 1-1: Ball 2-1: Foul Ball, location: 2F 2-2: Ball 3-2: Base on Balls
|
Batting: RHB Tyler Mapes
|
0-0: Ball 1-0: Called Strike 1-1: Called Strike 1-2: Strikes out swinging
|
Batting: RHB Martin Guerrero
|
0-0: Ball 1-0: Ball 2-0: Swinging Strike 2-1: Ground out 3-1 (Groundball, 34S, EV 86.9 MPH)
|
Bottom of the 2nd over - 0 runs, 0 hits, 0 errors, 1 left on base; Lehigh Valley 0 - Sacramento 2 |
TOP OF THE 3RD |
Lehigh Valley IronPigs batting - Pitching for Sacramento River Cats : RHP Roberto Duron
|
Batting: RHB Dan Grable
|
0-0: Ball 1-0: Called Strike 1-1: Called Strike 1-2: Strikes out swinging
|
Batting: RHB Mitch Boyd
|
0-0: Called Strike 0-1: Foul Ball, location: 2F 0-2: Ball 1-2: Ball 2-2: Strikes out swinging
|
Batting: LHB Darrell Ortega
|
0-0: Called Strike 0-1: Ground out 4-3 (Groundball, 4S, EV 78.1 MPH)
|
Top of the 3rd over - 0 runs, 0 hits, 0 errors, 0 left on base; Lehigh Valley 0 - Sacramento 2 |
BOTTOM OF THE 3RD |
Sacramento River Cats batting - Pitching for Lehigh Valley IronPigs : RHP Ken Tetzlaff
|
Batting: LHB Cesar Arteaga
|
0-0: Ball 1-0: Called Strike 1-1: Ground out 4-3 (Groundball, 13, EV 83.1 MPH)
|
Batting: LHB Kevin Kantor
|
0-0: Ball 1-0: Ball 2-0: Called Strike 2-1: Foul Ball, location: 2F 2-2: Foul Ball, location: 2F 2-2: Foul Ball, location: 2F 2-2: Foul Ball, location: 2F 2-2: Ground out 6-3 (Groundball, 6, EV 78.1 MPH)
|
Batting: LHB Carey Horncole
|
0-0: Ball 1-0: Called Strike 1-1: Ball 2-1: Foul Ball, location: 2F 2-2: SOLO HOME RUN (Flyball, 9D, EV 100.0 MPH), Distance : 395 ft
|
Batting: LHB Tom Best
|
0-0: SOLO HOME RUN (Flyball, 9LD, EV 91.9 MPH), Distance : 354 ft
|
Batting: LHB David Ramirez
|
0-0: Ball 1-0: Ball 2-0: Called Strike 2-1: Ball 3-1: Swinging Strike 3-2: Strikes out swinging, 2-3 out at first.
|
Bottom of the 3rd over - 2 runs, 2 hits, 0 errors, 0 left on base; Lehigh Valley 0 - Sacramento 4 |
TOP OF THE 4TH |
Lehigh Valley IronPigs batting - Pitching for Sacramento River Cats : RHP Roberto Duron
|
Batting: SHB Lance Franklin
|
0-0: Ball 1-0: Ball 2-0: Ball 3-0: Called Strike 3-1: Base on Balls
|
Batting: RHB Josh Hensley
|
0-0: Called Strike 0-1: Ball 1-1: Foul Ball, location: 2F 1-2: Foul Ball, location: 2F 1-2: Strikes out looking
|
Batting: LHB Michael Tuttle
|
0-0: Called Strike Lance Franklin steals 2nd, throwing error, E2 Lance Franklin to third 0-1: Ball 1-1: Swinging Strike 1-2: Strikes out looking
|
Batting: LHB Danny Hill
|
0-0: Ball 1-0: Called Strike 1-1: Ball Wild Pitch! Lance Franklin scores 2-1: Ground out 4-3 (Groundball, 4, EV 91.9 MPH)
|
Top of the 4th over - 1 run, 0 hits, 1 error, 0 left on base; Lehigh Valley 1 - Sacramento 4 |
BOTTOM OF THE 4TH |
Sacramento River Cats batting - Pitching for Lehigh Valley IronPigs : RHP Ken Tetzlaff
|
Batting: LHB Terry Ebersole
|
0-0: Called Strike 0-1: Ball 1-1: Ball 2-1: Foul Ball, location: 2F 2-2: Foul Ball, location: 2F 2-2: Strikes out swinging
|
Batting: RHB Hugo Zacarias
|
0-0: Ball 1-0: Swinging Strike 1-1: Ball 2-1: SINGLE (Groundball, 56S, EV 70.0 MPH) (infield hit)
|
Batting: RHB Tyler Mapes
|
0-0: Called Strike 0-1: Ball 1-1: Ball 2-1: Called Strike 2-2: Strikes out looking
|
Batting: RHB Martin Guerrero
|
0-0: Ball 1-0: SINGLE (Flyball, 9S, EV 89.4 MPH) Hugo Zacarias to second Runner from 2nd tries for 3rd, SAFE, throw by RF made to third
|
Batting: LHB Cesar Arteaga
|
0-0: Swinging Strike 0-1: Swinging Strike 0-2: Ball 1-2: Strikes out swinging
|
Bottom of the 4th over - 0 runs, 2 hits, 0 errors, 2 left on base; Lehigh Valley 1 - Sacramento 4 |
TOP OF THE 5TH |
Lehigh Valley IronPigs batting - Pitching for Sacramento River Cats : RHP Roberto Duron
|
Batting: RHB Moritake Fukumoto
|
0-0: Foul Ball, location: 2F 0-1: Swinging Strike 0-2: Ground out 5-3 (Groundball, 5S, EV 68.8 MPH)
|
Batting: LHB Tyler Allen
|
0-0: Ball 1-0: Ground out 6-3 (Groundball, 6, EV 98.1 MPH)
|
Batting: RHB Dan Grable
|
0-0: Swinging Strike 0-1: Ground out 4-3 (Groundball, 4, EV 85.6 MPH)
|
Top of the 5th over - 0 runs, 0 hits, 0 errors, 0 left on base; Lehigh Valley 1 - Sacramento 4 |
BOTTOM OF THE 5TH |
Sacramento River Cats batting - Pitching for Lehigh Valley IronPigs : RHP Ken Tetzlaff
|
Batting: LHB Kevin Kantor
|
0-0: Bunt missed! 0-1: Swinging Strike 0-2: Foul Ball, location: 2F 0-2: Strikes out looking
|
Batting: LHB Carey Horncole
|
0-0: Ball 1-0: Ball 2-0: Ball 3-0: Foul Ball, location: 2F 3-1: Base on Balls
|
Batting: LHB Tom Best
|
0-0: Called Strike 0-1: Called Strike Carey Horncole steals 2nd base (no throw) 0-2: Ground out 6-3 (Groundball, 6M, EV 99.4 MPH) Carey Horncole to third
|
Batting: LHB David Ramirez
|
0-0: Ground out 5-3 (Groundball, 5, EV 78.8 MPH)
|
Bottom of the 5th over - 0 runs, 0 hits, 0 errors, 1 left on base; Lehigh Valley 1 - Sacramento 4 |
TOP OF THE 6TH |
Lehigh Valley IronPigs batting - Pitching for Sacramento River Cats : RHP Roberto Duron
|
Batting: RHB Mitch Boyd
|
0-0: Ground out 1-3 (Groundball, 13, EV 69.4 MPH)
|
Batting: LHB Darrell Ortega
|
0-0: Ball 1-0: Called Strike 1-1: Called Strike 1-2: Ground out 4-3 (Groundball, 4MD, EV 103.1 MPH)
|
Batting: SHB Lance Franklin
|
0-0: Swinging Strike 0-1: Fly out, F7 (Line Drive, 7, EV 89.4 MPH)
|
Top of the 6th over - 0 runs, 0 hits, 0 errors, 0 left on base; Lehigh Valley 1 - Sacramento 4 |
BOTTOM OF THE 6TH |
Sacramento River Cats batting - Pitching for Lehigh Valley IronPigs : RHP Ken Tetzlaff
|
Batting: LHB Terry Ebersole
|
0-0: Swinging Strike 0-1: Foul Ball, location: 2F 0-2: Strikes out swinging
|
Batting: RHB Hugo Zacarias
|
0-0: Ball 1-0: Foul Ball, location: 2F 1-1: Ball 2-1: SINGLE (Groundball, 4D, EV 106.9 MPH)
|
Pitching: RHP Derek Ziolkowski
|
|
Batting: RHB Tyler Mapes
|
0-0: Foul Ball, location: 2F 0-1: Foul Ball, location: 2F 0-2: Ball 1-2: Strikes out swinging
|
Batting: RHB Martin Guerrero
|
0-0: Called Strike 0-1: Ball 1-1: Ball 2-1: SINGLE (Line Drive, 56D, EV 95.0 MPH) Hugo Zacarias to second
|
Batting: LHB Cesar Arteaga
|
0-0: Foul Ball, location: 2F 0-1: Called Strike 0-2: Ball 1-2: Ball 2-2: Fly out, F8 (Flyball, 8LM, EV 98.1 MPH)
|
Bottom of the 6th over - 0 runs, 2 hits, 0 errors, 2 left on base; Lehigh Valley 1 - Sacramento 4 |
TOP OF THE 7TH |
Lehigh Valley IronPigs batting - Pitching for Sacramento River Cats : RHP Roberto Duron
|
Batting: RHB Josh Hensley
|
0-0: Ground out 2-3 (Groundball, 2L, EV 73.8 MPH)
|
Batting: LHB Michael Tuttle
|
0-0: Swinging Strike 0-1: DOUBLE (Line Drive, 7LS, EV 108.1 MPH)
|
Batting: LHB Danny Hill
|
0-0: Swinging Strike 0-1: 2-RUN HOME RUN (Flyball, 9D, EV 103.1 MPH), Distance : 383 ft
|
Batting: RHB Moritake Fukumoto
|
0-0: Ball 1-0: Called Strike 1-1: Ball 2-1: Ground out 5-3 (Groundball, 56S, EV 80.6 MPH)
|
Batting: LHB Tyler Allen
|
0-0: Ball 1-0: Ground out 4-3 (Groundball, 4, EV 82.5 MPH)
|
Top of the 7th over - 2 runs, 2 hits, 0 errors, 0 left on base; Lehigh Valley 3 - Sacramento 4 |
BOTTOM OF THE 7TH |
Sacramento River Cats batting - Pitching for Lehigh Valley IronPigs : RHP Derek Ziolkowski
|
Batting: LHB Kevin Kantor
|
0-0: Ball 1-0: Foul Ball, location: 2F 1-1: Ball 2-1: Ball 3-1: Base on Balls
|
Batting: LHB Carey Horncole
|
0-0: Ball 1-0: Ball 2-0: Called Strike 2-1: Ball 3-1: Fly out, F9 (Flyball, 9D, EV 104.4 MPH)
|
Batting: LHB Tom Best
|
0-0: Ball Kevin Kantor steals 2nd base 1-0: Intentional Walk
|
Batting: LHB David Ramirez
|
0-0: Ground out 5-3 (Groundball, 56, EV 105.0 MPH) Kevin Kantor to third Tom Best to second
|
Batting: LHB Terry Ebersole
|
0-0: Swinging Strike 0-1: Ball 1-1: Ground out 4-3 (Groundball, 4MD, EV 111.9 MPH)
|
Bottom of the 7th over - 0 runs, 0 hits, 0 errors, 2 left on base; Lehigh Valley 3 - Sacramento 4 |
TOP OF THE 8TH |
Lehigh Valley IronPigs batting - Pitching for Sacramento River Cats : RHP Roberto Duron
|
Batting: RHB Dan Grable
|
0-0: Ball 1-0: Called Strike 1-1: Ball 2-1: Ball 3-1: Ground out 6-3 (Groundball, 6M, EV 107.5 MPH)
|
Batting: RHB Mitch Boyd
|
0-0: Ball 1-0: DOUBLE (Flyball, 89XD, EV 98.8 MPH)
|
Batting: LHB Darrell Ortega
|
0-0: Ball 1-0: Ball 2-0: Called Strike 2-1: Foul Ball, location: 2F 2-2: Reached on error, E4 (Groundball, 4M, EV 108.1 MPH) Mitch Boyd to third
|
Batting: SHB Lance Franklin
|
0-0: Foul Ball, location: 2F 0-1: Foul Ball, location: 2F 0-2: Fly out, F8 (Flyball, 89M, EV 90.0 MPH) Runner from 3rd tags up, SCORES, throw by CF
|
Pitching: RHP Pat Richardson
|
|
Batting: RHB Josh Hensley
|
0-0: Ball 1-0: Ball 2-0: Foul Ball, location: 2F 2-1: Ball 3-1: Called Strike 3-2: Base on Balls Darrell Ortega to second
|
Batting: LHB Michael Tuttle
|
0-0: Swinging Strike 0-1: Ball 1-1: Ball 2-1: SINGLE (Line Drive, 9S, EV 104.4 MPH) Darrell Ortega to third Josh Hensley to second Runner from 3rd tries for Home, SAFE, throw by RF to home
|
Batting: LHB Danny Hill
|
0-0: Called Strike 0-1: Ball 1-1: SINGLE (Line Drive, 9S, EV 98.8 MPH) Josh Hensley to third Michael Tuttle to second Runner from 3rd tries for Home, SAFE, throw by RF to home
|
Batting: RHB Moritake Fukumoto
|
0-0: Ball 1-0: Ground out 4-3 (Groundball, 34, EV 104.4 MPH)
|
Top of the 8th over - 3 runs, 3 hits, 1 error, 2 left on base; Lehigh Valley 6 - Sacramento 4 |
BOTTOM OF THE 8TH |
Sacramento River Cats batting - Pitching for Lehigh Valley IronPigs : RHP Derek Ziolkowski
|
Pitching: RHP Mike Kamm
|
|
Batting: RHB Hugo Zacarias
|
0-0: Swinging Strike 0-1: Swinging Strike 0-2: Strikes out swinging
|
Batting: RHB Tyler Mapes
|
0-0: Ball 1-0: Ball 2-0: Ball 3-0: Called Strike 3-1: Swinging Strike 3-2: Foul Ball, location: 2F 3-2: Foul Ball, location: 2F 3-2: Strikes out looking
|
Batting: RHB Martin Guerrero
|
0-0: Ball 1-0: Ball 2-0: Ball 3-0: Called Strike 3-1: Swinging Strike 3-2: Base on Balls
|
Batting: LHB Cesar Arteaga
|
0-0: Called Strike 0-1: Called Strike 0-2: Foul Ball, location: 2F 0-2: Fly out, F7 (Flyball, 7, EV 75.6 MPH)
|
Bottom of the 8th over - 0 runs, 0 hits, 0 errors, 1 left on base; Lehigh Valley 6 - Sacramento 4 |
TOP OF THE 9TH |
Lehigh Valley IronPigs batting - Pitching for Sacramento River Cats : RHP Pat Richardson
|
Batting: LHB Tyler Allen
|
0-0: Called Strike 0-1: Ball 1-1: Hit by Pitch
|
Batting: RHB Dan Grable
|
0-0: Ball 1-0: Bunted foul 1-1: Bunted foul 1-2: Fly out, F8 (Flyball, 8LXD, EV 88.1 MPH)
|
Batting: RHB Mitch Boyd
|
0-0: Ball 1-0: SINGLE (Groundball, 6MD, EV 96.9 MPH) Tyler Allen to second
|
Batting: LHB Darrell Ortega
|
0-0: Called Strike 0-1: SINGLE (Line Drive, 56D, EV 97.5 MPH) Tyler Allen to third Mitch Boyd to second
|
Batting: SHB Lance Franklin
|
0-0: Ball 1-0: Foul Ball, location: 2F 1-1: Called Strike 1-2: Grounds into fielders choice 4-2 (Groundball, 34S, EV 78.8 MPH) Mitch Boyd to third Darrell Ortega to second
|
Batting: RHB Josh Hensley
|
0-0: Ball 1-0: Foul Ball, location: 2F 1-1: Called Strike 1-2: Ball 2-2: Foul Ball, location: 2F 2-2: DOUBLE (Line Drive, 78D, EV 110.6 MPH) Mitch Boyd scores Darrell Ortega scores Lance Franklin to third
|
Pitching: RHP Cortez Laris
|
|
Batting: LHB Michael Tuttle
|
0-0: Foul Ball, location: 2F 0-1: Swinging Strike 0-2: Foul Ball, location: 2F 0-2: Strikes out swinging
|
Top of the 9th over - 2 runs, 3 hits, 0 errors, 2 left on base; Lehigh Valley 8 - Sacramento 4 |
BOTTOM OF THE 9TH |
Sacramento River Cats batting - Pitching for Lehigh Valley IronPigs : RHP Mike Kamm
|
Batting: LHB Kevin Kantor
|
0-0: Ball 1-0: Ball 2-0: Foul Ball, location: 2F 2-1: Foul Ball, location: 2F 2-2: Ball 3-2: Foul Ball, location: 2F 3-2: Fly out, F8 (Flyball, 8LS, EV 89.4 MPH)
|
Batting: LHB Carey Horncole
|
0-0: Ball 1-0: Ball 2-0: Ball 3-0: Called Strike 3-1: Ground out 5-3 (Groundball, 56S, EV 83.8 MPH)
|
Batting: LHB Tom Best
|
0-0: Ball 1-0: Ball 2-0: Ball 3-0: Base on Balls
|
Batting: LHB David Ramirez
|
0-0: Ball 1-0: Ball 2-0: Foul Ball, location: 2F 2-1: Called Strike 2-2: Ball 3-2: Base on Balls Tom Best to second
|
Batting: LHB Terry Ebersole
|
0-0: Called Strike 0-1: Ground out 4-3 (Groundball, 4D, EV 96.2 MPH)
|
Bottom of the 9th over - 0 runs, 0 hits, 0 errors, 2 left on base; Lehigh Valley 8 - Sacramento 4 |
|